Map: Ascension to Aiur LE

Players

Neisseria

  • Race: Terran Terran
  • League: Diamond
  • Spawn Location: 5:00

LaFantome - Winner!

  • Race: Zerg Zerg
  • League: Platinum
  • Spawn Location: 11:00

VOD

Have the link to the VOD?

Description

Time

  • Played on: Jan. 12, 2018, 1:21 p.m.
  • Length: 24:11
Show
View Real Time Build Order
Export as new Build Order

Neisseria Terran 

Build Orders: Reaper Expand, Mech 

Get SALT Encoding   

  12  0:02  SCV  
  13  0:14  SCV  
  13  0:17  Supply Depot  
  14  0:27  SCV  
  15  0:29  Refinery  
  15  0:39  SCV  
  16  0:47  Barracks  
  16  0:56  SCV  
  17  1:08  SCV  
  18  1:20  SCV  
  19  1:34  Reaper  
  19  1:38  Orbital Command  
  20  1:45  Command Center  
  20  1:59  Factory  
  20  2:04  SCV  
  21  2:16  Barracks Reactor  
  21  2:17  SCV  
  22  2:27  Refinery, Supply Depot  
  22  2:30  SCV  
  23  2:49  SCV  
  24  2:59  Orbital Command  
  24  3:00  Starport  
  24  3:01  SCV  
  25  3:18  SCV  
  30  3:20  Hellion x2  
  30  3:26  SCV  
  31  3:30  SCV  
  32  3:39  SCV  
  35  3:41  Hellion  
  35  3:42  SCV  
  35  3:46  Hellion  
  38  3:51  SCV, Medivac  
  41  3:57  SCV  
  41  3:59  Supply Depot  
  41  4:03  SCV, Supply Depot  
  41  4:09  SCV  
  43  4:13  Command Center  
  43  4:14  Supply Depot  
  43  4:15  Hellion, SCV  
  43  4:16  Liberator  
  46  4:21  Hellion  
  48  4:28  SCV x2  
  50  4:32  Barracks Reactor  
  50  4:37  Hellion  
  55  4:40  SCV  
  55  4:42  Hellion  
  55  4:43  SCV  
  60  4:52  SCV  
  60  4:55  SCV  
  60  4:57  Factory  
  60  4:59  Hellion  
  63  5:00  Refinery  
  63  5:05  SCV  
  64  5:08  SCV  
  65  5:17  SCV  
  65  5:20  SCV  
  68  5:26  Hellion x2  
  71  5:29  SCV  
  71  5:31  Factory  
  71  5:32  SCV  
  71  5:33  Orbital Command  
  73  5:36  Barracks Tech Lab  
  73  5:38  Refinery  
  73  5:40  Supply Depot x2  
  73  5:41  SCV  
  73  5:42  Armory x2  
  74  5:44  SCV  
  75  5:53  SCV  
  75  5:56  SCV  
  77  5:59  SCV  
  77  6:00  Medivac x2  
  82  6:06  SCV  
  82  6:08  SCV  
  81  6:12  Factory Tech Lab  
  81  6:16  Factory  
  81  6:18  SCV  
  82  6:20  Orbital Command  
  82  6:23  SCV  
  83  6:30  SCV  
  82  6:35  SCV  
  83  6:42  SCV  
  84  6:48  SCV  
  84  6:53  SCV  
  76  6:54  SCV  
  76  6:57  Factory Tech Lab  
  76  6:59  Siege Tank  
  76  7:00  SCV  
  77  7:02  Hellion x3  
  77  7:05  SCV  
  77  7:06  SCV  
  85  7:12  SCV  
  86  7:16  Command Center  
  86  7:17  SCV  
  86  7:18  SCV  
  86  7:20  Refinery  
  88  7:23  Refinery, Cyclone  
  88  7:24  SCV  
  88  7:29  SCV  
  93  7:30  SCV  
  93  7:31  Siege Tank  
  93  7:34  Terran Vehicle And Ship Armor Level 1, Terran Vehicle Weapons Level 1  
  93  7:36  SCV  
  92  7:40  Siege Tank  
  95  7:46  SCV x2  
  95  7:49  Supply Depot x2  
  95  7:50  Supply Depot  
  95  7:51  Supply Depot  
  97  7:52  Supply Depot x2  
  97  7:56  SCV  
  97  7:57  Engineering Bay  
  98  7:58  SCV  
  99  8:06  Liberator  
  99  8:07  Liberator  
  99  8:11  SCV x2  
  101  8:15  SCV  
  102  8:23  SCV  
  102  8:25  SCV  
  102  8:27  SCV  
  111  8:35  SCV  
  111  8:37  SCV  
  111  8:40  SCV  
  114  8:42  Siege Tank x2  
  114  8:47  Command Center, SCV  
  121  8:50  SCV  
  121  8:51  Missile Turret  
  121  8:52  SCV, Missile Turret  
  121  8:55  Missile Turret  
  123  8:56  Factory Tech Lab  
  123  8:58  Factory  
  123  9:02  Supply Depot  
  123  9:03  Supply Depot, SCV x2  
  123  9:05  Supply Depot x2  
  123  9:06  SCV  
  126  9:11  Command Center  
  126  9:13  Cyclone x2  
  126  9:14  Siege Tank  
  126  9:15  SCV, Hellion x2  
  140  9:29  SCV x2  
  140  9:30  Planetary Fortress  
  142  9:32  SCV  
  142  9:33  Liberator x2  
  142  9:36  Hellion  
  142  9:37  Hellion  
  147  9:41  SCV x2  
  147  9:44  SCV  
  152  9:45  Hellion  
  152  9:47  Refinery  
  152  9:48  Missile Turret  
  152  9:49  Missile Turret  
  152  9:50  Refinery  
  152  9:52  Siege Tank, Cyclone  
  164  9:53  SCV x2  
  164  9:56  SCV, Factory Tech Lab  
  164  9:58  Hellion x2  
  171  10:04  Starport  
  171  10:05  Starport, SCV x2  
  175  10:07  Hellion  
  175  10:08  SCV  
  175  10:09  SCV  
  177  10:16  Command Center  
  177  10:17  SCV  
  177  10:18  SCV  
  177  10:20  SCV  
  174  10:24  Terran Vehicle Weapons Level 2  
  174  10:27  Terran Vehicle And Ship Armor Level 2, SCV  
  175  10:39  Sensor Tower  
  175  10:43  SCV x2  
  175  10:44  Planetary Fortress  
  177  10:50  Orbital Command  
  177  10:54  Command Center  
  177  10:55  Command Center  
  177  10:57  Sensor Tower  
  177  10:58  Command Center  
  180  11:04  Siege Tank, Cyclone  
  180  11:05  Siege Tank  
  180  11:11  Starport Tech Lab  
  186  11:12  Starport Tech Lab  
  186  11:19  Fusion Core  
  190  11:25  Hellion  
  190  11:26  Refinery, Hellion x2  
  190  11:29  Refinery  
  192  11:36  Hellion  
  192  11:37  Hellion x2  
  200  11:47  Hellion  
  198  12:03  Planetary Fortress  
  196  12:32  Starport  
  196  12:33  Starport x2  
  196  12:36  Factory x2  
  196  12:37  Command Center  
  196  12:40  Factory  
  192  12:44  Terran Vehicle And Ship Armor Level 3, Terran Vehicle Weapons Level 3  
  186  13:18  Siege Tank x3, Cyclone  
  198  13:26  Viking x4  
  199  13:28  Orbital Command x2  
  199  13:29  Orbital Command  
  173  13:51  SCV x2  
  175  13:56  Starport Tech Lab, Battlecruiser x2  
  175  13:57  Starport Tech Lab x2  
  175  14:00  Factory Tech Lab x2  
  175  14:01  Factory Tech Lab  
  154  14:23  Command Center  
  154  14:30  Command Center  
  142  14:55  SCV x2  
  142  14:57  Weapon Refit  
  148  15:01  Battlecruiser x2  
  137  15:25  Starport  
  137  15:26  Starport  
  133  15:31  Refinery  
  133  15:33  Refinery  
  133  15:38  Command Center  
  133  15:41  Hellion x5  
  133  15:42  Hellion  
  145  15:45  Infernal Pre-Igniter  
  145  15:52  Command Center  
  145  16:03  Hellion x6, Missile Turret  
  157  16:05  Battlecruiser x2  
  157  16:08  Starport Tech Lab x2  
  169  16:24  Planetary Fortress, Hellion x6  
  180  16:45  Hellion  
  180  16:46  Hellion x5  
  159  16:58  Battlecruiser x2  
  165  17:08  Missile Turret  
  165  17:09  Battlecruiser x2  
  165  17:10  Missile Turret  
  165  17:11  Missile Turret  
  175  17:28  Command Center  
  175  17:29  Refinery, SCV x2  
  168  17:30  Missile Turret  
  168  17:31  Missile Turret  
  168  17:33  Missile Turret  
  168  17:34  Refinery  
  154  17:37  Command Center  
  154  17:40  Refinery  
  154  17:41  SCV  
  148  17:53  Missile Turret  
  148  17:55  Missile Turret  
  147  17:58  SCV x2  
  147  18:02  Battlecruiser  
  147  18:03  Battlecruiser  
  158  18:13  Battlecruiser x2  
  158  18:15  Hellion x6  
  158  18:17  Missile Turret  
  177  18:24  Missile Turret x2  
  177  18:25  Missile Turret x2  
  177  18:26  Missile Turret  
  176  18:30  Medivac  
  158  18:35  Medivac  
  158  18:36  Hellion x6  
  158  18:37  Missile Turret  
  158  18:56  Terran Ship Weapons Level 1  
  158  18:58  Hellion x4, Missile Turret  
  156  19:07  SCV x2  
  163  19:21  SCV x2  
  158  19:37  Siege Tank x2  
  160  19:46  Thor  
  160  19:50  Planetary Fortress  
  166  19:55  Refinery  
  166  19:56  SCV x6  
  162  20:08  Viking x4  
  166  20:32  Missile Turret x2  
  166  20:33  Missile Turret x2  
  166  20:34  Missile Turret  
  166  20:36  Missile Turret  
  166  20:37  Viking  
  166  20:38  Viking, Medivac x2  
  166  20:47  Missile Turret  
  166  20:59  SCV x2  
  166  21:00  Command Center  
  166  21:01  Thor x2  
  166  21:03  Orbital Command  
  180  21:07  Medivac  
  176  21:40  Medivac  
  156  21:50  Orbital Command  
  153  22:01  Banshee  
  153  22:02  Raven  
  152  22:15  Command Center  
  109  22:44  Raven  
Show
View Real Time Build Order
Export as new Build Order

LaFantome Zerg - Winner!

Build Orders: Hatch First 

Get SALT Encoding   

  12  0:01  Drone  
  13  0:12  Overlord  
  13  0:18  Drone  
  14  0:30  Drone  
  14  0:31  Drone  
  14  0:34  Drone  
  17  0:53  Hatchery  
  16  0:57  Drone  
  16  1:00  Drone  
  18  1:11  Extractor  
  18  1:16  Spawning Pool  
  16  1:18  Drone  
  16  1:22  Drone  
  18  1:28  Drone  
  19  1:39  Overlord  
  19  2:03  Zergling x4  
  19  2:05  Queen x2  
  19  2:06  Zergling x2  
  26  2:12  Metabolic Boost  
  26  2:14  Drone  
  27  2:20  Drone  
  28  2:28  Drone x2  
  30  2:37  Drone  
  30  2:38  Drone  
  32  2:49  Queen x2  
  32  2:50  Overlord  
  36  3:19  Hatchery  
  35  3:20  Drone  
  35  3:21  Drone x7  
  43  3:37  Drone, Overlord  
  43  3:38  Overlord  
  44  4:03  Drone  
  44  4:04  Drone x7  
  52  4:21  Overlord  
  52  4:22  Drone  
  52  4:23  Drone  
  54  4:25  Extractor  
  54  4:27  Extractor, Evolution Chamber  
  54  4:28  Evolution Chamber  
  54  4:29  Roach Warren  
  49  4:31  Overlord  
  49  4:32  Overlord  
  49  4:41  Queen  
  49  4:42  Queen x2  
  49  4:43  Drone x2  
  49  4:44  Drone  
  58  4:49  Spore Crawler  
  57  4:53  Zergling x14  
  57  4:56  Drone  
  57  4:59  Spore Crawler  
  64  5:03  Drone  
  56  5:22  Drone x2  
  56  5:23  Drone x5  
  63  5:34  Drone  
  63  5:35  Drone x8  
  72  5:43  Zerg Missile Weapons Level 1  
  72  5:45  Zerg Ground Armor Level 1  
  69  6:05  Drone  
  69  6:06  Drone x8  
  78  6:12  Overlord x2  
  78  6:13  Overlord  
  78  6:22  Roach x4  
  62  6:51  Drone  
  62  6:52  Drone x9  
  68  7:00  Drone x3  
  71  7:04  Lair  
  71  7:15  Extractor x2  
  70  7:16  Drone x2  
  70  7:17  Drone x4  
  75  7:24  Extractor  
  74  7:38  Spore Crawler  
  73  7:49  Drone x3  
  73  7:50  Drone  
  77  8:04  Drone x3  
  77  8:05  Drone x3  
  83  8:06  Drone, Overlord  
  83  8:09  Zerg Ground Armor Level 2, Zerg Missile Weapons Level 2  
  83  8:12  Hydralisk Den  
  83  8:24  Overlord  
  83  8:25  Overlord x2  
  83  8:38  Roach, Hatchery  
  83  8:39  Roach x5  
  94  8:46  Muscular Augments, Glial Reconstitution  
  95  8:55  Drone  
  95  8:56  Drone x9  
  95  8:59  Spore Crawler  
  95  9:01  Spine Crawler x2  
  101  9:09  Spine Crawler  
  100  9:11  Spine Crawler  
  100  9:12  Drone x4  
  100  9:13  Overlord x2  
  103  9:21  Infestation Pit  
  102  9:24  Hydralisk  
  102  9:25  Hydralisk x8  
  120  9:34  Spine Crawler  
  120  9:35  Drone x3, Spine Crawler  
  120  9:38  Spine Crawler  
  120  9:44  Drone x3  
  123  9:48  Spine Crawler  
  123  9:49  Spine Crawler  
  123  9:50  Drone  
  123  9:51  Drone x2  
  124  9:52  Hydralisk  
  124  9:53  Hydralisk  
  128  10:03  Overseer  
  128  10:06  Hydralisk  
  128  10:07  Hydralisk x2  
  133  10:22  Hive  
  133  10:25  Spire  
  132  10:34  Spine Crawler  
  131  10:35  Extractor  
  131  10:36  Drone x3, Extractor  
  131  10:37  Drone x3, Overlord x3  
  131  10:38  Overlord x2, Hydralisk x3  
  141  10:43  Hydralisk x3  
  147  10:57  Hydralisk  
  147  10:58  Hydralisk x6  
  161  11:14  Hydralisk  
  161  11:15  Hydralisk x6  
  161  11:16  Hydralisk  
  177  11:37  Greater Spire, Corruptor x4  
  177  11:38  Corruptor  
  175  12:27  Corruptor x4  
  178  12:48  Brood Lord x5  
  188  13:03  Brood Lord  
  188  13:04  Brood Lord x3  
  196  13:12  Drone x3  
  189  14:57  Corruptor x4  
  189  14:58  Corruptor  
  199  15:01  Zerg Flyer Armor Level 1  
  179  15:30  Corruptor x10  
  199  16:01  Hatchery  
  199  16:02  Extractor  
  199  16:03  Extractor  
  156  17:29  Corruptor  
  156  17:30  Corruptor x9  
  156  17:33  Zerg Flyer Armor Level 2  
  173  17:57  Corruptor x6  
  176  18:21  Corruptor  
  176  18:22  Corruptor x5  
  176  18:37  Corruptor  
  176  18:38  Corruptor x5  
  186  19:09  Overlord x3  
  186  19:33  Hatchery  
  171  19:54  Extractor  
  171  19:55  Hatchery  
  171  19:56  Extractor  
  171  19:58  Hatchery  
  171  19:59  Extractor  
  166  20:00  Extractor  
  165  20:10  Zerg Flyer Armor Level 3  
  165  20:15  Corruptor x9  
  153  21:00  Corruptor, Brood Lord x6  
  153  21:01  Corruptor x8  
  183  21:13  Drone x3  
  183  21:14  Drone x3  
  183  21:15  Drone x6  
  195  21:20  Drone  
  195  21:22  Drone  
  195  21:23  Drone x2  
  195  21:24  Drone  
  190  21:55  Corruptor  
  190  21:56  Corruptor x4  
  192  22:39  Corruptor  
  192  22:40  Corruptor x3  
  192  23:14  Extractor  
  192  23:18  Extractor  
Tags
 
Add a new tag
Caveats
  • Supply blocks, unpowered buildings, or Contaminate may cause inaccurate times.
  • Supply counts are checked every 10 seconds.